 Dungeon Crawl Stone Soup version 0.28.0 (webtiles) character file.

Game seed: 17846335683814100926

12112 dolemite99 the Destroyer (level 11, -1/79 (83) HPs)
             Began as a Gnoll Conjurer on Feb 15, 2022.
             Was an Initiate of Gozag.
             Slain by a hell rat (7 damage)
             ... while petrified by a basilisk
             ... on level 1 of the Lair of Beasts.
             The game lasted 00:26:45 (22744 turns).

dolemite99 the Destroyer (Gnoll Conjurer)          Turns: 22744, Time: 00:26:46

HP:   -1/79 (83)    AC:  8    Str:  7    XL:     11   Next: 88%
MP:   4/23          EV:  2    Int: 21    God:    Gozag
Gold: 938           SH:  0    Dex: 11    Spells: 11/26 levels left

rFire   . . .      SeeInvis .   a - staff of conjuration
rCold   . . .      Faith    .   (no shield)
rNeg    + + +      Spirit   .   g - +0 leather armour
rPois   ∞          Reflect  .   k - +0 helmet
rElec   .          Harm     .   m - +0 cloak
rCorr   .          Rampage  .   u - +1 pair of gloves
Will    .....                   (no boots)
Stlth   +++.......              (no amulet)
HPRegen 0.23/turn               h - ring of flight
MPRegen 0.18/turn               y - +4 ring of evasion

@: petrified, flying, lightly drained
A: fangs 1, strong nose, distributed training
a: Renounce Religion, Potion Petition, Call Merchant, Bribe Branch


You were on level 1 of the Lair of Beasts.
You worshipped Gozag.
Gozag was pleased with you.
You visited 3 branches of the dungeon, and saw 11 of its levels.

You collected 1036 gold pieces.
You paid 98 gold pieces to Gozag.

Inventory:

Hand Weapons
 b - a +0 hand crossbow
 c - a +0 dagger
 l - a +0 hunting sling
 n - a +1 hunting sling
 o - a +3 scimitar
 C - a +4 dagger
 E - a +0 short sword
 G - a +0 hunting sling
Missiles
 e - 73 bolts
 f - 317 stones
 j - 110 sling bullets
 B - 8 poisoned darts (quivered)
Armour
 g - a +0 leather armour (worn)
 k - a +0 helmet (worn)
 m - a +0 cloak (worn)
 s - a +0 scale mail
 u - a +1 pair of gloves (worn)
 M - an orb of guile
Magical Staves
 a - a staff of conjuration (weapon)
 r - a staff of death
 H - a staff of poison
 N - a staff of cold
Jewellery
 h - a ring of flight (left hand)
 t - a ring of positive energy
 y - a +4 ring of evasion (right hand)
 F - a ring of fire
Wands
 w - a wand of polymorph (9)
Scrolls
 i - 3 scrolls of identify {@r1}
 v - 2 scrolls of amnesia
 A - a scroll of teleportation
 J - a scroll of blinking
 K - a scroll of torment
 O - a scroll of fear
Potions
 d - 4 potions of attraction
 q - a potion of flight
 z - 3 potions of might
 D - a potion of ambrosia
 I - 3 potions of curing
 L - a potion of brilliance


   Skills:
 + Level 6.7 Fighting
 + Level 6.7 Short Blades
 + Level 6.7 Long Blades
 + Level 6.7 Axes
 + Level 6.7 Maces & Flails
 + Level 6.7 Polearms
 + Level 6.7 Staves
 + Level 6.7 Slings
 + Level 6.7 Bows
 + Level 6.7 Crossbows
 + Level 6.7 Throwing
 + Level 6.7 Armour
 + Level 8.2 Dodging
 + Level 8.0 Stealth
 + Level 6.7 Shields
 + Level 6.7 Unarmed Combat
 + Level 8.4 Spellcasting
 + Level 9.1 Conjurations
 + Level 5.5 Hexes
 + Level 5.5 Summonings
 + Level 5.5 Necromancy
 + Level 5.5 Translocations
 + Level 5.5 Transmutations
 + Level 5.5 Fire Magic
 + Level 5.5 Ice Magic
 + Level 5.5 Air Magic
 + Level 5.5 Earth Magic
 + Level 5.5 Poison Magic
 + Level 7.3 Invocations
 + Level 6.7 Evocations


You had 11 spell levels left.
You knew the following spells:

 Your Spells              Type           Power      Damage    Failure   Level
a - Stone Arrow           Conj/Erth      100%       3d13      1%          3
b - Foxfire               Conj/Fire      100%       2x1d9     1%          1
c - Searing Ray           Conj           100%       2d8       1%          2
d - Poisonous Vapours     Pois/Air       64%        N/A       1%          2
e - Dazzling Flash        Conj/Hex       100%       N/A       1%          3
f - Fulminant Prism       Conj/Hex       28%        3d14      5%          4

Your spell library contained the following spells:

 Spells                   Type           Power      Damage    Failure   Level
 Magic Dart               Conj           100%       1d8       1%          1
 Corpse Rot               Necr/Air       64%        N/A       1%          2
 Conjure Flame            Conj/Fire      56%        6-21      1%          3
 Inner Flame              Hex/Fire       32%        N/A       3%          3
 Flame Wave               Conj/Fire      56%        2d11      5%          4
 Iskenderun's Mystic Bla  Conj/Tloc      56%        2d12      5%          4
 Animate Armour           Summ/Erth      64%        N/A       11%         4
 Borgnjor's Revivificati  Necr           16%        N/A       100%        8
 Lehudib's Crystal Spear  Conj/Erth      28%        10d7      100%        8
 Necromutation            Tmut/Necr      16%        N/A       100%        8
 Death's Door             Necr           16%        N/A       100%        9


Dungeon Overview and Level Annotations

Branches:
Dungeon (8/15)             Temple (1/1) D:7            Lair (2/6) D:8
  Swamp: Lair:2-4    Shoals: Lair:2-4     Snake: Lair:2-4    Spider: Lair:2-4

Altars:
Ashenzari
Cheibriados
Dithmenos
Elyvilon
Fedhas
Gozag
Kikubaaqudgha
Makhleb
Nemelex Xobeh
Okawaru
Qazlal
Ru
Sif Muna
Trog
Uskayaw
Vehumet
Wu Jian
Xom
Yredelemnul
Zin
The Shining One


Innate Abilities, Weirdness & Mutations

You have very sharp teeth.
Your uncanny sense of smell can sniff out nearby items.
Your experience applies equally to all skills.


Message History

You feel a surge of power!
You conjure some foxfire!
The hell rat barely misses you. The basilisk bites you.
The foxfire hits the basilisk.
The basilisk is moderately wounded.
The foxfire hits the basilisk but does no damage.
The basilisk is moderately wounded.
The hell rat bites you!
You feel drained. The basilisk gazes at you.
You are slowing down.
The hell rat bites you.
* * * LOW HITPOINT WARNING * * *
The hell rat closely misses you.
Your limbs are stiffening.
Casting: Foxfire (safe; 1% risk of failure)
Confirm with . or Enter, or press ? or * to list all spells.
You feel a surge of power!
You conjure some foxfire!
The hell rat closely misses you.
The basilisk bites you but does no damage.
The hell rat barely misses you. The basilisk closely misses you.
You have turned to stone.
The foxfire hits the hell rat but does no damage.
The hell rat is lightly wounded.
The foxfire hits the basilisk but does no damage.
The basilisk is moderately wounded.
The hell rat bites you but does no damage.
The basilisk bites you. The hell rat bites you!
* * * LOW HITPOINT WARNING * * *
The basilisk gazes at you. You resist with some effort. The hell rat bites you!
* * * LOW HITPOINT WARNING * * *
The basilisk gazes at you. You resist with some effort.
The hell rat completely misses you. The basilisk bites you.
* * * LOW HITPOINT WARNING * * *
The hell rat bites you!
* * * LOW HITPOINT WARNING * * *
The hell rat bites you!
You die...
Your body crumbles into a pile of gold.

......## ##...#
.#....##### #####...#
.#....#.#.###.P##..##
.#.................#
.#.................#
.#.................#
.'...##..####......#
##.####### ##...>.#
...# #...@..## ...#
##..rl..# ...# ###
###.....##
...###.#####.#.....#
...............^...##
...).....)..........#
...................P#
...........##.#...<##
..........#...#....#


You could see a basilisk and a hell rat.

Vanquished Creatures
  2 hydras (Lair:1)
  2 two-headed ogres
  A spriggan (Lair:1)
  2 centaur zombies (D:8)
  2 elephants (Lair:2)
  Joseph (Lair:1)
  3 komodo dragons
  3 blink frogs (Lair:1)
  A hornet (Lair:1)
  Eustachio (D:6)
  4 humans
  A steam dragon (D:8)
  Menkaure (D:6)
  5 water moccasins
  An orc warrior (D:8)
  A necrophage (D:7)
  2 sky beasts
  24 wolves (Lair:1)
  3 ogres
  A centaur (D:8)
  A phantom (D:6)
  2 kobold brigands
  5 bullfrogs
  A gnoll sergeant (D:5)
  2 wyvern zombies
  4 scorpions
  A water moccasin zombie (D:7)
  A water moccasin skeleton (D:6)
  A killer bee (D:7)
  8 wights
  An electric eel (Lair:1)
  2 bullfrog zombies
  A jelly (D:6)
  Crazy Yiuf (D:6)
  3 hounds (D:6)
  4 orc priests
  A gnoll shaman (D:5)
  Ijyb (D:3)
  3 iguanas
  2 orc wizards
  A hound zombie (D:5)
  Robin (D:2)
  3 adders
  8 gnolls
  3 white imps
  An ufetubus (D:5)
  An adder skeleton (D:5)
  4 dart slugs
  14 orcs
  5 ball pythons
  5 endoplasms
  19 goblins
  10 hobgoblins
  6 kobolds
  5 quokkas
  6 rats
198 creatures vanquished.

Vanquished Creatures (others)
  52 foxfires
  3 fulminant prisms
  9 fungi
  21 plants
85 creatures vanquished.

Grand Total: 283 creatures vanquished

Notes
Turn   | Place    | Note
-------+----------+-------------------------------------------
     0 | D:1      | dolemite99 the Gnoll Conjurer began the quest for the Orb.
     0 | D:1      | Reached XP level 1. HP: 13/13 MP: 6/6
   413 | D:1      | Reached XP level 2. HP: 19/19 MP: 5/7
  1292 | D:2      | Noticed Robin
  1345 | D:1      | Learned a level 2 spell: Searing Ray
  1530 | D:2      | Reached XP level 3. HP: 24/25 MP: 3/9
  1809 | D:2      | Killed Robin
  1810 | D:2      | Reached skill level 5 in Spellcasting
  1937 | D:2      | Reached skill level 1 in Invocations
  2495 | D:2      | You are sucked into a shaft and drop 2 floors!
  2498 | D:4      | Noticed a sky beast
  2510 | D:4      | Killed a sky beast
  2511 | D:4      | Reached skill level 1 in Fighting
  2511 | D:4      | Reached skill level 1 in Short Blades
  2511 | D:4      | Reached skill level 1 in Long Blades
  2511 | D:4      | Reached skill level 1 in Axes
  2511 | D:4      | Reached skill level 1 in Maces & Flails
  2511 | D:4      | Reached skill level 1 in Polearms
  2511 | D:4      | Reached skill level 1 in Staves
  2511 | D:4      | Reached skill level 1 in Slings
  2511 | D:4      | Reached skill level 1 in Bows
  2511 | D:4      | Reached skill level 1 in Crossbows
  2511 | D:4      | Reached skill level 1 in Throwing
  2511 | D:4      | Reached skill level 1 in Armour
  2511 | D:4      | Reached skill level 1 in Shields
  2511 | D:4      | Reached skill level 1 in Unarmed Combat
  2511 | D:4      | Reached skill level 1 in Hexes
  2511 | D:4      | Reached skill level 1 in Summonings
  2511 | D:4      | Reached skill level 1 in Necromancy
  2511 | D:4      | Reached skill level 1 in Translocations
  2511 | D:4      | Reached skill level 1 in Transmutations
  2511 | D:4      | Reached skill level 1 in Fire Magic
  2511 | D:4      | Reached skill level 1 in Ice Magic
  2511 | D:4      | Reached skill level 1 in Air Magic
  2511 | D:4      | Reached skill level 1 in Earth Magic
  2511 | D:4      | Reached skill level 1 in Poison Magic
  2511 | D:4      | Reached skill level 1 in Evocations
  2511 | D:4      | Reached XP level 4. HP: 25/32 MP: 3/11
  2511 | D:4      | Reached XP level 5. HP: 29/37 MP: 3/12
  3518 | D:2      | Found a faded altar of an unknown god.
  4153 | D:3      | Noticed Ijyb
  4162 | D:3      | Paralysed by Ijyb for 5 turns
  4170 | D:3      | Killed Ijyb
  5055 | D:3      | Learned a level 3 spell: Dazzling Flash
  5108 | D:3      | Learned a level 4 spell: Fulminant Prism
  5544 | D:4      | HP: 1/37 [wyvern zombie (2)]
  5554 | D:4      | Reached XP level 6. HP: 7/44 MP: 10/14
  6248 | D:4      | Reached skill level 5 in Dodging
  7079 | D:5      | Entered Level 5 of the Dungeon
  7096 | D:5      | Reached XP level 7. HP: 34/50 MP: 7/15
  8220 | D:5      | Reached skill level 5 in Stealth
  8743 | D:5      | Found a hide-covered altar of Uskayaw.
  8969 | D:5      | Learned a level 1 spell: Magic Dart
  9545 | D:5      | Reached XP level 8. HP: 12/57 MP: 9/16
 11302 | D:6      | Noticed Menkaure
 11314 | D:6      | Killed Menkaure
 12151 | D:6      | Reached XP level 9. HP: 65/65 MP: 12/18
 12932 | D:6      | Noticed Eustachio
 12953 | D:6      | Killed Eustachio
 13178 | D:6      | Found a runed translucent door.
 13179 | D:6      | Noticed Crazy Yiuf
 13639 | D:6      | Killed Crazy Yiuf
 13958 | D:7      | Reached skill level 8 in Conjurations
 14020 | D:7      | Learned a level 1 spell: Foxfire
 14365 | D:7      | Noticed a two-headed ogre
 15399 | D:7      | Found a staircase to the Ecumenical Temple.
 15405 | Temple   | Entered the Ecumenical Temple
 15722 | Temple   | Became a worshipper of Gozag Ym Sagoz the Greedy
 15778 | D:7      | Reached skill level 5 in Invocations
 16200 | D:7      | Killed a two-headed ogre
 16201 | D:7      | Reached XP level 10. HP: 73/73 MP: 11/20
 16330 | D:7      | Reached skill level 5 in Fighting
 16330 | D:7      | Reached skill level 5 in Short Blades
 16330 | D:7      | Reached skill level 5 in Long Blades
 16330 | D:7      | Reached skill level 5 in Axes
 16330 | D:7      | Reached skill level 5 in Maces & Flails
 16330 | D:7      | Reached skill level 5 in Polearms
 16330 | D:7      | Reached skill level 5 in Staves
 16330 | D:7      | Reached skill level 5 in Slings
 16330 | D:7      | Reached skill level 5 in Bows
 16330 | D:7      | Reached skill level 5 in Crossbows
 16330 | D:7      | Reached skill level 5 in Throwing
 16330 | D:7      | Reached skill level 5 in Armour
 16330 | D:7      | Reached skill level 5 in Shields
 16330 | D:7      | Reached skill level 5 in Unarmed Combat
 16330 | D:7      | Reached skill level 5 in Evocations
 16838 | D:7      | Learned a level 3 spell: Stone Arrow
 17417 | D:8      | Noticed a two-headed ogre
 17428 | D:8      | Killed a two-headed ogre
 19164 | D:8      | Found a staircase to the Lair.
 19169 | D:8      | Learned a level 2 spell: Poisonous Vapours
 19174 | Lair:1   | Entered Level 1 of the Lair of Beasts
 19197 | Lair:1   | Noticed an eight-headed hydra
 19216 | Lair:1   | Killed an eight-headed hydra
 19399 | Lair:1   | Noticed an eight-headed hydra
 19548 | Lair:1   | Killed an eight-headed hydra
 19549 | Lair:1   | Reached XP level 11. HP: 80/81 MP: 11/22
 19897 | Lair:1   | Reached skill level 5 in Hexes
 19897 | Lair:1   | Reached skill level 5 in Summonings
 19897 | Lair:1   | Reached skill level 5 in Necromancy
 19897 | Lair:1   | Reached skill level 5 in Translocations
 19897 | Lair:1   | Reached skill level 5 in Transmutations
 19897 | Lair:1   | Reached skill level 5 in Fire Magic
 19897 | Lair:1   | Reached skill level 5 in Ice Magic
 19897 | Lair:1   | Reached skill level 5 in Air Magic
 19897 | Lair:1   | Reached skill level 5 in Earth Magic
 19897 | Lair:1   | Reached skill level 5 in Poison Magic
 20110 | Lair:1   | Noticed a spriggan rider
 20121 | Lair:1   | Killed a spriggan rider
 20917 | Lair:1   | Reached skill level 9 in Conjurations
 21179 | Lair:1   | Noticed Joseph
 21201 | Lair:1   | Killed Joseph
 22744 | Lair:1   | Slain by a hell rat

Illustrated notes

Levels and vault maps discovered:
D:1:      zelgadis_glass_arrival_small, layout_rooms
D:2:      layout_basic, hellmonk_ecumenical_altar_leap_of_faith, uniq_robin
D:3:      layout_basic, uniq_ijyb
D:4:      layout_basic, chequers_decorated_corner, minmay_misc_feat_iff
D:5:      layout_gridville, mainiacjoe_overflow_chevrons
D:6:      layout_loops_corners, grunt_ministairs_6,
          chequers_serial_rivers_room_a, chequers_arboretum, uniq_eustachio,
          uniq_menkaure, uniq_crazy_yiuf_cottage
D:7:      minmay_evil_eye, layout_basic, minmay_temple_entry_purple_smoke,
          minmay_ruffians
D:8:      layout_cave_pods, lair_entry_dummy
Temple:   mainiacjoe_temple_cubbyholes
Lair:1:   layout_chaotic_city, grunt_forest_large_clearings,
          serial_bayou_shore_a, uniq_joseph
Lair:2:   layout_cave_pods, portal_ice_cave_rime

Skill      XL: |  1  2  3  4  5  6  7  8  9 10 11 |
---------------+----------------------------------+-----
Spellcasting   | 5 6 7 8 |  8.4
Invocations    | 1 2 3 4 5 6 7 |  7.3
Fighting       | 1 2 3 4 5 6 |  6.7
Short Blades   | 1 2 3 4 5 6 |  6.7
Long Blades    | 1 2 3 4 5 6 |  6.7
Axes           | 1 2 3 4 5 6 |  6.7
Maces & Flails | 1 2 3 4 5 6 |  6.7
Polearms       | 1 2 3 4 5 6 |  6.7
Staves         | 1 2 3 4 5 6 |  6.7
Slings         | 1 2 3 4 5 6 |  6.7
Bows           | 1 2 3 4 5 6 |  6.7
Crossbows      | 1 2 3 4 5 6 |  6.7
Throwing       | 1 2 3 4 5 6 |  6.7
Armour         | 1 2 3 4 5 6 |  6.7
Shields        | 1 2 3 4 5 6 |  6.7
Unarmed Combat | 1 2 3 4 5 6 |  6.7
Hexes          | 1 2 3 4 5 |  5.5
Summonings     | 1 2 3 4 5 |  5.5
Necromancy     | 1 2 3 4 5 |  5.5
Translocations | 1 2 3 4 5 |  5.5
Transmutations | 1 2 3 4 5 |  5.5
Fire Magic     | 1 2 3 4 5 |  5.5
Ice Magic      | 1 2 3 4 5 |  5.5
Air Magic      | 1 2 3 4 5 |  5.5
Earth Magic    | 1 2 3 4 5 |  5.5
Poison Magic   | 1 2 3 4 5 |  5.5
Evocations     | 1 2 3 4 5 6 |  6.7
Dodging        | 5 6 7 8 |  8.2
Stealth        | 5 6 7 8 |  8.0
Conjurations   | 8 9 |  9.1

Action                   |  1- 3 |  4- 6 |  7- 9 | 10-12 || total
-------------------------+-------+-------+-------+-------++-------
Melee: Dagger            |     1 |    25 |     3 |       ||    29
       Bite              |       |     3 |     2 |     6 ||    11
       Punch             |       |     1 |     1 |     2 ||     4
       Staff             |       |       |     4 |    31 ||    35
       Scimitar          |       |       |       |    11 ||    11
 Fire: Hand crossbow     |       |       |       |    24 ||    24
Throw: Stone             |       |     8 |     6 |    11 ||    25
       Boomerang         |       |     2 |       |       ||     2
       Dart              |       |       |     6 |     5 ||    11
 Cast: Magic Dart        |    38 |    10 |    68 |     1 ||   117
       Searing Ray       |     7 |    31 |    53 |    18 ||   109
       Foxfire           |       |       |     5 |    26 ||    31
       Fulminant Prism   |       |       |     1 |     2 ||     3
       Stone Arrow       |       |       |       |    88 ||    88
       Poisonous Vapours |       |       |       |     9 ||     9
Evoke: Wand              |       |       |     3 |     6 ||     9
  Use: Scroll            |     2 |     2 |     8 |     5 ||    17
       Potion            |     1 |     2 |     1 |     6 ||    10
 Stab: Paralysed         |       |       |       |     2 ||     2
Armor: Leather armour    |     5 |    15 |    33 |    56 ||   109
Dodge: Dodged            |    11 |    49 |    69 |   183 ||   312
